 Dungeon Crawl Stone Soup version 0.31-a0-204-g7da18cac08 (webtiles) character file.

Game seed: 15699443434994447581

45 qw the Shooter (level 3, -1/20 HPs)
             Began as a Deep Elf Hunter on June 27, 2023.
             Slain by a gnoll
             ... wielding a +0 spear
              (3 damage)
             ... on level 2 of the Dungeon.
             The game lasted 00:00:12 (916 turns).

qw the Shooter (Deep Elf Hunter)                     Turns: 916, Time: 00:00:13

Health: -1/20      AC:  3    Str: 10    XL:     3   Next: 42%
Magic:  5/5        EV: 12    Int: 13    God:
Gold:   16         SH:  0    Dex: 18    Spells: 2/2 levels left

rFire   . . .        Y - +0 shortbow
rCold   . . .        (shield currently unavailable)
rNeg    . . .        c - +0 leather armour
rPois   .            (no helmet)
rElec   .            (no cloak)
rCorr   .            (no gloves)
SInv    .            (no boots)
Will    .....        (no amulet)
Stlth   ++           (no ring)
HPRegen 0.23/turn    (no ring)
MPRegen 0.09/turn

%: no passive effects
@: no status effects
A: no striking features
a: no special abilities


You were on level 2 of the Dungeon.
You visited 1 branch of the dungeon, and saw 2 of its levels.

You collected 16 gold pieces.


   Skills:
 - Level 1.5 Fighting
 + Level 7.0 Ranged Weapons
 - Level 2.4 Dodging
 - Level 1.2 Stealth


You had 2 spell levels left.
You didn't know any spells.
Your spell library was empty.

Inventory:

Hand Weapons
 Y - a +0 shortbow (weapon)
Armour
 b - a +0 ring mail
 c - a +0 leather armour (worn)
Scrolls
 d - a scroll of teleportation {unknown}
 e - 2 scrolls of identify
Potions
 a - 2 potions of lignification {unknown}
 f - a potion of resistance

Dungeon Overview and Level Annotations

Branches:
Dungeon (2/15)

Altars:


Message History

You shoot an arrow. The gnoll shouts!
The arrow hits the gnoll!
The gnoll is almost dead.
A gnoll comes into view. It is wielding a +0 spear.
You shoot an arrow. The gnoll shouts!
The arrow hits the gnoll.
You kill the gnoll!
You shoot an arrow. The arrow hits the gnoll.
The gnoll is moderately wounded.
You shoot an arrow. The arrow closely misses the gnoll.
The arrow hits the gnoll.
The gnoll is lightly wounded.
The gnoll hits you from afar with a +0 spear.
You shoot an arrow. The arrow hits the gnoll!
You kill the gnoll!
You have reached level 3!
Your experience leads to an increase in your attributes!
Increase (S)trength, (I)ntelligence, or (D)exterity?
You feel stronger. x2
You shoot an arrow. The arrow closely misses the gnoll.
The gnoll hits you from afar with a +0 spear.
The gnoll misses you.
You shoot an arrow. The arrow hits the gnoll.
The gnoll is severely wounded.
The gnoll misses you. The gnoll hits you but does no damage.
You shoot an arrow. The arrow hits the gnoll.
You kill the gnoll!
The gnoll barely misses you.
Your Ranged Weapons skill increases to level 7!
You shoot an arrow. The arrow barely misses the gnoll.
The gnoll hits you from afar with a +0 spear!
You shoot an arrow. The arrow hits the gnoll.
The gnoll is moderately wounded.
The gnoll barely misses you.
You shoot an arrow. The arrow hits the gnoll.
The gnoll is moderately wounded.
The gnoll hits you from afar with a +0 spear.
You die...

#### # .....
#.####......
#>..@'))%...
####.#g.....
#.# ###..
#.# #.#
######'##
#.).....#
#.......#
#.......#


You could see a gnoll.

Vanquished Creatures
  3 gnolls (D:2)
  2 dart slugs (D:1)
  A hobgoblin (D:1)
  2 ball pythons
  2 bats (D:1)
  A frilled lizard (D:1)
  A goblin (D:2)
  3 kobolds (D:1)
  3 rats (D:1)
18 creatures vanquished.

Notes
Turn   | Place    | Note
-------+----------+-------------------------------------------
     0 | D:1      | qw the Deep Elf Hunter began the quest for the Orb.
     0 | D:1      | Reached XP level 1. HP: 12/12 MP: 3/3
     0 | D:1      | 0 ||| qw: Version: 0.3-a-22-g0ed2b0b
     0 | D:1      | 0 ||| qw: Game counter: 6640
     0 | D:1      | 0 ||| qw: Melee chars always use a shield: true
     0 | D:1      | 0 ||| qw: God list: Okawaru
     0 | D:1      | 0 ||| qw: Allow faded altars: false
     0 | D:1      | 0 ||| qw: Do Orc after clearing Dungeon:15 true
     0 | D:1      | 0 ||| qw: Do second Lair branch before Depths: true
     0 | D:1      | 0 ||| qw: Lair rune preference: random
     0 | D:1      | 0 ||| qw: Goals: Normal
     0 | D:1      | 0 ||| PLANNING D:1-11
   607 | D:1      | Reached XP level 2. HP: 16/16 MP: 4/4
   612 | D:1      | Reached skill level 6 in Ranged Weapons
   756 | D:1      | 756 ||| READING scroll labelled HYUVUI DAUSCH.
   757 | D:1      | 757 ||| READING 4 scrolls labelled MERAENL RUREAF.
   758 | D:1      | 758 ||| READING 3 scrolls of identify.
   758 | D:1      | 758 ||| IDENTIFYING smoky red potion
   759 | D:1      | 759 ||| DROPPING scroll of butterflies.
   911 | D:2      | Reached XP level 3. HP: 14/20 MP: 5/5
   914 | D:2      | Reached skill level 7 in Ranged Weapons
   914 | D:2      | HP: 1/20 [gnoll/+0 spear (9)]
   916 | D:2      | Slain by a gnoll

Levels and vault maps discovered:
D:1:      nzn_arrival_water_spiral, layout_loops_corners
D:2:      layout_basic

Skill      XL: |  1  2  3 |
---------------+----------+-----
Ranged Weapons | 6 7 |  7.0
Fighting       | |  1.5
Dodging        | |  2.4
Stealth        | |  1.2

Action                     || total
---------------------------++-------
   Fire: Shortbow          ||    45
    Use: Scroll            ||     3
 Armour: Leather armour    ||     1
  Dodge: Dodged            ||     8

Table legend:
 A = Non-vault XP
 B = Vault XP
 C = Vault XP percentage of total XP
 D = Non-vault monster count
 E = Vault monster count
 F = Vault count percentage of total count
                 A         B        C        D         E       F
            +---------+---------+-------+---------+---------+-------
      Total |      65 |       0 |   0.0 |      18 |       0 |   0.0
            +---------+---------+-------+---------+---------+-------
        D:1 |      21 |       0 |   0.0 |      13 |       0 |   0.0
        D:2 |      44 |       0 |   0.0 |       5 |       0 |   0.0
            +---------+---------+-------+---------+---------+-------
